Map: Blackburn LE

Players

AGOElazer (Elazer)

  • Race: Zerg Zerg
  • League: Master

ShoWTimE - Winner!

  • Race: Protoss Protoss
  • League: Grandmaster

Event: TSL 8

VOD

Have the link to the VOD?

Description

Time

  • Played on: Dec. 4, 2021, 7:10 a.m.
  • Length: 10:30

All games in this series

Show
View Real Time Build Order
Export as new Build Order

AGOElazer Zerg 

Build Orders: Hatch First 

Get SALT Encoding   

  12  0:00  Drone  
  13  0:12  Overlord  
  13  0:16  Drone  
  14  0:30  Drone x2  
  16  0:48  Hatchery  
  15  0:51  Drone  
  15  0:55  Drone  
  17  0:58  Drone  
  18  1:09  Extractor  
  17  1:13  Spawning Pool  
  17  1:17  Drone  
  17  1:20  Drone  
  18  1:28  Drone  
  19  1:38  Drone  
  20  1:53  Drone, Hatchery  
  20  2:00  Queen  
  22  2:04  Drone  
  22  2:08  Drone  
  24  2:11  Drone  
  25  2:16  Overlord  
  25  2:23  Queen  
  25  2:27  Drone  
  28  2:34  Zergling x4  
  30  2:39  Queen  
  30  2:41  Drone  
  33  2:45  Drone  
  33  2:46  Drone  
  33  2:50  Metabolic Boost  
  35  2:54  Zergling x2  
  36  3:04  Queen  
  36  3:05  Zergling x2  
  39  3:06  Overlord  
  39  3:13  Drone x2  
  39  3:19  Evolution Chamber  
  40  3:26  Drone x5  
  42  3:32  Drone x3  
  44  3:35  Drone  
  46  3:43  Queen  
  46  3:44  Drone x2  
  50  3:48  Overlord  
  50  3:56  Spore Crawler  
  49  4:04  Drone, Overlord  
  49  4:08  Drone x4  
  49  4:09  Drone  
  55  4:10  Drone x3  
  55  4:17  Overlord  
  58  4:23  Drone x2, Overlord  
  60  4:25  Drone x4  
  60  4:26  Drone  
  60  4:27  Drone  
  66  4:34  Queen, Overlord  
  66  4:35  Drone  
  69  4:43  Extractor  
  69  4:44  Drone x3, Extractor  
  69  4:45  Roach Warren  
  69  4:46  Drone  
  69  4:48  Drone x2  
  69  4:51  Drone  
  73  4:54  Lair  
  73  4:55  Drone  
  73  4:58  Overlord  
  73  4:59  Spore Crawler  
  73  5:02  Drone x4  
  73  5:05  Spore Crawler  
  76  5:07  Spore Crawler  
  76  5:09  Overlord  
  74  5:14  Overlord  
  74  5:16  Drone x3  
  77  5:26  Drone x3  
  77  5:28  Drone x2, Hatchery  
  82  5:34  Drone x5  
  86  5:38  Drone, Evolution Chamber, Extractor  
  86  5:39  Extractor  
  86  5:41  Extractor  
  83  5:43  Overlord  
  83  5:44  Drone x3  
  83  5:45  Drone  
  83  5:49  Drone x4  
  91  5:55  Spire  
  90  6:03  Infestation Pit  
  90  6:04  Zerg Missile Weapons Level 1  
  89  6:08  Overseer  
  89  6:10  Drone x8  
  97  6:16  Overlord  
  97  6:19  Overlord  
  97  6:21  Zergling x10  
  102  6:30  Overlord  
  102  6:37  Zergling x6  
  104  6:40  Overlord  
  104  6:41  Roach x4  
  104  6:42  Hive  
  112  6:47  Extractor x2  
  112  6:50  Drone x6  
  113  6:54  Drone  
  113  6:55  Drone  
  113  7:01  Queen, Overlord  
  115  7:04  Drone x3  
  120  7:10  Hatchery  
  120  7:13  Overlord  
  119  7:20  Roach x2  
  119  7:21  Roach x2  
  119  7:22  Ravager x4  
  131  7:25  Zergling x14  
  138  7:33  Zergling x6  
  141  7:38  Overlord  
  125  8:04  Mutalisk x13  
  144  8:12  Mutalisk  
  135  8:13  Hatchery  
  135  8:14  Overlord  
  135  8:16  Drone x2  
  135  8:17  Drone  
  135  8:19  Extractor  
  138  8:21  Extractor  
  138  8:25  Drone x5  
  138  8:26  Baneling Nest  
  141  8:31  Overlord  
  141  8:33  Overlord  
  141  8:40  Roach x10  
  161  8:45  Glial Reconstitution  
  161  8:49  Overlord  
  161  8:51  Roach x3  
  167  8:56  Roach  
  167  8:57  Roach x2  
  170  9:07  Roach x9  
  179  9:12  Roach x3  
  179  9:13  Queen x2  
  180  9:18  Roach x4  
  182  9:28  Ravager x2  
  177  9:37  Zergling x2  
  177  9:38  Zergling x22  
  175  9:40  Ravager x2  
  172  9:45  Ravager x2  
  172  9:51  Hatchery  
  148  9:53  Zergling x6  
Show
View Real Time Build Order
Export as new Build Order

ShoWTimE Protoss - Winner!

Build Orders: 1 Gate Expand, Oracle Opening, Phoenix Opening 

Get SALT Encoding   

  12  0:00  Probe  
  13  0:12  Probe  
  14  0:18  Pylon  
  14  0:24  Probe (Chrono Boost)  
  15  0:37  Probe (Chrono Boost)  
  15  0:38  Gateway  
  16  0:45  Probe (Chrono Boost)  
  16  0:47  Assimilator  
  17  0:51  Probe  
  18  1:03  Probe  
  19  1:15  Probe  
  20  1:25  Nexus  
  20  1:35  Cybernetics Core  
  20  1:36  Probe  
  21  1:42  Assimilator  
  21  1:48  Probe  
  21  1:51  Pylon  
  22  2:00  Probe  
  23  2:08  Adept (Chrono Boost)  
  23  2:12  Probe  
  26  2:19  Stargate  
  26  2:25  Probe  
  26  2:28  Adept (Chrono Boost)  
  27  2:33  Warp Gate  
  30  2:37  Probe (Chrono Boost)  
  30  2:42  Probe (Chrono Boost)  
  31  2:46  Probe (Chrono Boost)  
  31  2:50  Probe (Chrono Boost)  
  31  2:51  Adept, Probe (Chrono Boost)  
  36  3:01  Probe  
  36  3:03  Oracle (Chrono Boost)  
  36  3:04  Probe, Pylon  
  41  3:13  Probe  
  41  3:16  Probe  
  43  3:21  Adept  
  43  3:25  Probe  
  44  3:28  Probe  
  43  3:37  Nexus  
  43  3:39  Probe  
  43  3:40  Probe  
  45  3:46  Gateway  
  45  3:51  Probe  
  45  3:53  Probe  
  45  3:54  Phoenix (Chrono Boost)  
  49  3:59  Pylon  
  49  4:01  Assimilator  
  49  4:04  Assimilator  
  49  4:05  Probe  
  49  4:07  Probe  
  51  4:11  Oracle (Chrono Boost)  
  54  4:17  Probe  
  54  4:19  Probe  
  54  4:21  Pylon  
  56  4:24  Adept  
  56  4:30  Probe  
  59  4:31  Probe  
  59  4:35  Robotics Facility  
  59  4:37  Pylon  
  60  4:42  Probe (Chrono Boost)  
  60  4:44  Probe (Chrono Boost)  
  60  4:45  Forge  
  62  4:47  Sentry x2  
  62  4:49  Probe (Chrono Boost)  
  67  4:57  Shield Battery  
  70  5:00  Probe x2 (Chrono Boost)  
  70  5:01  Probe (Chrono Boost)  
  70  5:05  Probe (Chrono Boost)  
  70  5:06  Gateway  
  72  5:07  Probe (Chrono Boost)  
  72  5:08  Probe (Chrono Boost)  
  73  5:15  Probe, Protoss Ground Weapons Level 1 (Chrono Boost)  
  73  5:18  Probe  
  73  5:20  Gateway, Probe  
  76  5:22  Immortal (Chrono Boost)  
  80  5:31  Photon Cannon  
  80  5:33  Pylon  
  80  5:35  Probe (Chrono Boost)  
  82  5:36  Probe x2 (Chrono Boost)  
  82  5:42  Assimilator  
  83  5:47  Assimilator  
  86  5:51  Robotics Bay, Probe x2 (Chrono Boost)  
  86  5:52  Probe (Chrono Boost)  
  86  5:57  Twilight Council  
  86  5:58  Probe x2  
  86  5:59  Immortal, Probe  
  86  6:03  Pylon  
  93  6:12  Gateway  
  93  6:16  Gateway x2  
  90  6:28  Stalker x4  
  98  6:33  Pylon  
  98  6:39  Observer (Chrono Boost)  
  99  6:45  Charge  
  99  6:47  Dark Shrine  
  99  6:50  Nexus, Probe x2  
  99  6:51  Pylon  
  101  6:58  Disruptor (Chrono Boost)  
  101  7:00  Pylon  
  97  7:06  Stalker x3  
  97  7:07  Probe  
  97  7:08  Probe x2  
  109  7:11  Photon Cannon  
  109  7:14  Photon Cannon  
  109  7:19  Shield Battery  
  109  7:20  Probe x3  
  112  7:24  Phoenix  
  112  7:26  Disruptor (Chrono Boost)  
  117  7:32  Probe  
  118  7:37  Photon Cannon  
  118  7:41  Probe  
  118  7:42  Gateway, Probe  
  120  7:45  Gateway  
  120  7:50  Disruptor (Chrono Boost)  
  120  7:58  Probe, Pylon  
  123  7:59  Probe, Pylon  
  123  8:04  Dark Templar x4  
  133  8:09  Archon  
  133  8:10  Assimilator, Archon  
  133  8:13  Assimilator  
  133  8:15  Pylon  
  133  8:16  Warp Prism (Chrono Boost)  
  135  8:23  Gateway  
  135  8:24  Gateway  
  135  8:26  Dark Templar  
  135  8:27  Dark Templar  
  139  8:32  Archon  
  139  8:41  Dark Templar x3  
  139  8:42  Zealot x2, Dark Templar  
  139  8:43  Templar Archives  
  139  8:46  Archon x2  
  151  8:49  Photon Cannon  
  151  8:52  Pylon  
  142  9:10  Stalker  
  142  9:11  Stalker x4  
  124  9:21  High Templar x2  
  124  9:22  Zealot x4  
  125  9:26  Phoenix (Chrono Boost), Archon  
  125  9:34  Photon Cannon  
  125  9:37  Photon Cannon x2  
  125  9:41  Photon Cannon  
  125  9:46  Dark Templar x2  
  125  9:51  Archon  
  129  9:55  Shield Battery  
  129  10:06  Zealot x4  
Tags
 
Add a new tag
Caveats
  • Supply blocks, unpowered buildings, or Contaminate may cause inaccurate times.
  • Supply counts are checked every 10 seconds.